 Dungeon Crawl Stone Soup version 0.31-a0-876-gfe8ebadbca (webtiles) character file.

Game seed: 1087829808591974149

2017 kae the Vexing (level 9, -4/65 HPs)
             Began as a Demonspawn Enchanter on Oct 13, 2023.
             Was an Initiate of Dithmenos.
             Slain by Maggie
             ... wielding a +2 heavy war axe
              (21 damage)
             ... on level 6 of the Dungeon.
             The game lasted 00:07:37 (5403 turns).

kae the Vexing (Demonspawn Enchanter)               Turns: 5403, Time: 00:07:38

Health: -4/65      AC:  9    Str: 10    XL:     9   Next: 3%
Magic:  1/15       EV: 13    Int: 20    God:    Dithmenos [......]
Gold:   170        SH:  0    Dex: 13    Spells: 8/16 levels left

rFire   . . .        a - +1 dagger
rCold   . . .        (no shield)
rNeg    . . .        b - +0 robe
rPois   +            s - +0 helmet
rElec   .            (no cloak)
rCorr   .            (no gloves)
SInv    .            (no boots)
Will    .....        (no amulet)
Stlth   +++          P - ring of poison resistance
HPRegen 0.30/turn    (no ring)
MPRegen 0.14/turn

%: no passive effects
@: sanguine armoured
A: foul stench 1, spiny 1, sanguine armour 1, demonic touch 2
a: Renounce Religion


You were on level 6 of the Dungeon.
You worshipped Dithmenos.
Dithmenos was noncommittal.
You visited 2 branches of the dungeon, and saw 7 of its levels.

You collected 260 gold pieces.
You spent 90 gold pieces at shops.


Innate Abilities, Weirdness & Mutations

You may rarely emit foul miasma when damaged in melee.
You are partially covered in sharp spines.
When seriously injured, your blood forms armour. (AC +6)
Your touch may inflict irresistible damage on your foes.


   Skills:
 + Level 4.0 Fighting
 * Level 5.3 Short Blades
 + Level 4.2 Dodging
 + Level 4.8 Stealth
 + Level 4.1 Spellcasting
 * Level 6.6 Hexes


You had 8 spell levels left.
You knew the following spells:

 Your Spells              Type           Power      Damage    Failure   Level
a - Ensorcelled Hibernat  Hex/Ice        34%        N/A       4%          2
b - Confusing Touch       Hex            30%        N/A       2%          3
c - Tukima's Dance        Hex            30%        N/A       2%          3

Your spell library contained the following spells:

 Spells                   Type           Power      Damage    Failure   Level
 Dazzling Flash           Conj/Hex       34%        N/A       10%         3
 Summon Guardian Golem    Hex/Summ       17%        N/A       10%         3
 Foxfire                  Conj/Fire      16%        2x1d4     13%         1
 Summon Small Mammal      Summ           16%        N/A       13%         1
 Call Canine Familiar     Summ           4%         N/A       36%         3
 Silence                  Hex/Air        8%         N/A       65%         5
 Agony                    Necr           4%         N/A       98%         5
 Plasma Beam              Fire/Air       2%         2x1d12    100%        6
 Starburst                Conj/Fire      2%         6d3       100%        6

Inventory:

Hand Weapons
 a - a +1 dagger (weapon)
Missiles
 d - 20 stones
 i - 2 throwing nets {=f!f}
 o - 6 boomerangs
 u - 7 poisoned darts
 v - 5 javelins
Armour
 b - a +0 robe (worn)
 s - a +0 helmet (worn)
   (You found it on level 5 of the Dungeon)
Jewellery
 L - a ring of flight
   (You found it on level 3 of the Dungeon)
 N - a ring of positive energy
   (You found it on level 5 of the Dungeon)
 P - a ring of poison resistance (left hand)
   (You found it on level 2 of the Dungeon)
Wands
 r - a wand of iceblast (4)
   (You found it on level 5 of the Dungeon)
Scrolls
 h - 3 scrolls of teleportation {@r4}
 m - 2 scrolls of revelation
Potions
 c - a potion of invisibility
 e - 3 potions of heal wounds {@q2}
 f - a potion of resistance
 g - a potion of berserk rage {unknown}
 j - a potion of haste {unknown}
 k - a potion of attraction {!q}
 l - a potion of magic
 n - 2 potions of degeneration {!q}
 p - a potion of brilliance
 q - 2 potions of curing {unknown}

Dungeon Overview and Level Annotations

Branches:
Dungeon (6/15) Zot: 26522  Temple (1/1) D:6 Zot: 5985

Altars:
Ashenzari
Cheibriados
Dithmenos
Fedhas
Gozag
Kikubaaqudgha
Nemelex Xobeh
Okawaru
Qazlal
Ru
Sif Muna
Trog
Uskayaw
Wu Jian
Xom

Shops:
D:4 *   D:5 ?

Annotations:
D:6 Maggie

#### ###...........#
...##### ##........###
#......#######.....###
####.......####..###
#####........## #.
####.....# #...
####..###.....
##.#....... #.@@......
#......... ##........
#.[...... ####.....
#.... ##.. ##


You could see Maggie.


Message History

Confirm with . or Enter, or press ? or * to list all spells.
Aiming: Ensorcelled Hibernation (safe; 4% risk of failure)
Press: ? - help, Shift-Dir - straight line, f/p - Maggie
Aim: Maggie, wielding a +2 heavy war axe and wearing +0 steam dragon scales (mesmerising, chance to affect: 50%) Maggie resists with some effort.
Maggie closely misses you. 😎 MP[-2]
You lost 2 mp, and now have 11/15 mp.
Casting: Ensorcelled Hibernation (safe; 4% risk of failure)
Confirm with . or Enter, or press ? or * to list all spells.
Aiming: Ensorcelled Hibernation (safe; 4% risk of failure)
Press: ? - help, Shift-Dir - straight line, f/p - Maggie
Aim: Maggie, wielding a +2 heavy war axe and wearing +0 steam dragon scales (mesmerising, chance to affect: 50%) Maggie resists with some effort.
Maggie is struck by your spines.
Maggie hits you with a +2 heavy war axe! 😕 HP[-9] MP[-2]
You take 9 damage, and now have 56/65 hp.
You lost 2 mp, and now have 9/15 mp.
Casting: Ensorcelled Hibernation (safe; 4% risk of failure)
Confirm with . or Enter, or press ? or * to list all spells.
Aiming: Ensorcelled Hibernation (safe; 4% risk of failure)
Press: ? - help, Shift-Dir - straight line, f/p - Maggie
Aim: Maggie, wielding a +2 heavy war axe and wearing +0 steam dragon scales (lightly wounded, mesmerising, chance to affect: 50%) Maggie resists with some effort. 😕 MP[-2]
You lost 2 mp, and now have 7/15 mp.
Casting: Ensorcelled Hibernation (safe; 4% risk of failure)
Confirm with . or Enter, or press ? or * to list all spells.
Aiming: Ensorcelled Hibernation (safe; 4% risk of failure)
Press: ? - help, Shift-Dir - straight line, f/p - Maggie
Aim: Maggie, wielding a +2 heavy war axe and wearing +0 steam dragon scales (lightly wounded, mesmerising, chance to affect: 50%) Maggie resists with some effort.
Maggie barely misses you. 😕 HP[+1] MP[-2]
You lost 2 mp, and now have 5/15 mp.
Unknown command.
Casting: Ensorcelled Hibernation (safe; 4% risk of failure)
Confirm with . or Enter, or press ? or * to list all spells.
Aiming: Ensorcelled Hibernation (safe; 4% risk of failure)
Press: ? - help, Shift-Dir - straight line, f/p - Maggie
Aim: Maggie, wielding a +2 heavy war axe and wearing +0 steam dragon scales (lightly wounded, mesmerising, chance to affect: 50%) Maggie resists with some effort.
Maggie hits you with a +2 heavy war axe! 😕 HP[-7] MP[-2]
You take 7 damage, and now have 50/65 hp.
You lost 2 mp, and now have 3/15 mp.
Unknown command.
Casting: Ensorcelled Hibernation (safe; 4% risk of failure)
Confirm with . or Enter, or press ? or * to list all spells.
Aiming: Ensorcelled Hibernation (safe; 4% risk of failure)
Press: ? - help, Shift-Dir - straight line, f/p - Maggie
Aim: Maggie, wielding a +2 heavy war axe and wearing +0 steam dragon scales (lightly wounded, mesmerising, chance to affect: 50%) Maggie resists with some effort. 😕 MP[-1]
You lost 1 mp, and now have 2/15 mp.
Unknown command.
Casting: Ensorcelled Hibernation (safe; 4% risk of failure)
Confirm with . or Enter, or press ? or * to list all spells.
Aiming: Ensorcelled Hibernation (safe; 4% risk of failure)
Press: ? - help, Shift-Dir - straight line, f/p - Maggie
Aim: Maggie, wielding a +2 heavy war axe and wearing +0 steam dragon scales (lightly wounded, mesmerising, chance to affect: 50%) Maggie resists with some effort.
Maggie shouts, "Leave me alone!"
Maggie hits you with a +2 heavy war axe!
Your blood congeals into armour. 😮 HP[-14] MP[-2]
You take 14 damage, and now have 36/65 hp.
MASSIVE DAMAGE!! (PAUSE)
You lost 2 mp, and now have 0/15 mp.
Casting: Ensorcelled Hibernation (safe; 4% risk of failure)
Confirm with . or Enter, or press ? or * to list all spells.
You don't have enough magic to cast this spell.
You barely miss Maggie.
Maggie points at you and mumbles some strange words.
The bolt of fire hits you!
* * * LOW HITPOINT WARNING * * *
😨 HP[-8]
You take 8 damage, and now have 28/65 hp.
Unknown command.
You hit Maggie but do no damage.
You touch Maggie.
Unknown command.
You hit Maggie. Your touch misses Maggie. Maggie is struck by your spines.
Maggie misses you.
You hit Maggie. You hit Maggie.
You break out of your daze.
Maggie gestures wildly while chanting.
Maggie attempts to bespell you! You resist. 😨 HP[+1] Unknown command.
You hit Maggie. Maggie closely misses you.
You closely miss Maggie. Your touch misses Maggie. Your punch misses Maggie.
You hit Maggie.
Maggie hits you with a +2 heavy war axe!
* * * LOW HITPOINT WARNING * * *
😱 HP[-13] MP[+1]
You take 13 damage, and now have 16/65 hp.
You hit Maggie.
Unknown command.
You hit Maggie but do no damage. Your touch misses Maggie.
Maggie hits you with a +2 heavy war axe!!
You die...

Skill      XL: |  1  2  3  4  5  6  7  8 |
---------------+-------------------------+-----
Short Blades   | 1 2 3 4 5 |  5.3
Dodging        | 2 3 4 |  4.2
Stealth        | 3 4 |  4.8
Fighting       | 1 2 3 4 |  4.0
Hexes          | 4 5 6 |  6.6
Spellcasting   | 3 4 |  4.1

Action                     |  1- 3 |  4- 6 |  7- 9 || total
---------------------------+-------+-------+-------++-------
  Melee: Dagger            |   124 |   130 |    97 ||   351
         Punch             |     5 |       |       ||     5
         Touch             |     9 |    24 |    19 ||    52
   Cast: Ensorcelled Hiber |     9 |    24 |    34 ||    67
         Confusing Touch   |       |     1 |     6 ||     7
    Use: Scroll            |     6 |     4 |     4 ||    14
         Potion            |       |     3 |       ||     3
   Stab: Sleeping          |    11 |    15 |    14 ||    40
         Invisible         |       |     3 |       ||     3
         Confused          |       |       |     4 ||     4
 Armour: Robe              |    78 |    87 |    53 ||   218
  Dodge: Dodged            |   110 |    97 |    48 ||   255

Levels and vault maps discovered:
D:1:      psy_arrival_dodecagon, layout_loops_ring
D:2:      layout_basic
D:3:      layout_rooms, chequers_serial_rivers_micro_e, nicolae_half_adder
D:4:      layout_basic, st_stairs_2, grunt_decor_clamped, nicolae_alphabet_shops
D:5:      wander_river, layout_loops_ring, serial_shops, shop, uniq_pikel
D:6:      layout_cave_pods, mainiacjoe_overflow_swirl,
          minmay_temple_entry_glass, serial_shops, nicolae_shop_trees,
          uniq_sigmund, uniq_maggie, uniq_blork_the_orc
Temple:   nicolae_temple_no_exploring_needed

Notes
Turn   | Place    | Note
-------+----------+-------------------------------------------
     0 | D:1      | kae the Demonspawn Enchanter began the quest for the Orb.
     0 | D:1      | Reached XP level 1. HP: 13/13 MP: 3/3
     0 | D:1      | magus.rc [v1.11.3]
    89 | D:1      | You pick up a book of Fire and begin reading...
    89 | D:1      | You add the spells Foxfire, Plasma Beam and Starburst to
                  | your library.
   111 | D:1      | Reached skill level 1 in Short Blades
   204 | D:1      | Gained mutation: You may rarely emit foul miasma when
                  | damaged in melee. [demonic ancestry]
   204 | D:1      | Reached XP level 2. HP: 19/19 MP: 5/5
   207 | D:1      | Learned a level 2 spell: Ensorcelled Hibernation
   847 | D:2      | Gained mutation: Your touch may inflict minor irresistible
                  | damage on your foes. [demonic ancestry]
   847 | D:2      | Reached XP level 3. HP: 25/25 MP: 3/6
   851 | D:2      | Learned a level 3 spell: Confusing Touch
   933 | D:2      | Reached skill level 2 in Dodging
  1779 | D:2      | Reached skill level 3 in Stealth
  1825 | D:3      | Reached skill level 1 in Fighting
  1825 | D:3      | Reached XP level 4. HP: 11/32 MP: 0/7
  1953 | D:3      | Reached skill level 2 in Short Blades
  2231 | D:3      | Reached XP level 5. HP: 37/37 MP: 8/8
  2266 | D:3      | Reached skill level 4 in Hexes
  2314 | D:3      | You pick up a book of Callings and begin reading...
  2314 | D:3      | You add the spells Summon Small Mammal, Call Canine
                  | Familiar and Summon Guardian Golem to your library.
  2338 | D:3      | You pick up a book of the Senses and begin reading...
  2338 | D:3      | You add the spells Agony and Silence to your library.
  2538 | D:3      | Learned a level 3 spell: Tukima's Dance
  2675 | D:4      | Noticed an ogre
  2683 | D:4      | HP: 8/37 [ogre/+0 giant club (21)]
  2702 | D:4      | Reached XP level 6. HP: 30/44 MP: 5/10
  2718 | D:4      | Reached skill level 2 in Fighting
  2726 | D:4      | Reached skill level 3 in Short Blades
  3365 | D:4      | Found Loedaud's Luxury Loot.
  3486 | D:5      | Entered Level 5 of the Dungeon
  3498 | D:5      | Reached skill level 3 in Dodging
  3498 | D:5      | Reached skill level 3 in Spellcasting
  3498 | D:5      | Gained mutation: You are partially covered in sharp spines.
                  | [demonic ancestry]
  3498 | D:5      | Reached XP level 7. HP: 38/51 MP: 8/11
  3751 | D:5      | Reached skill level 5 in Hexes
  3877 | D:5      | HP: 10/51 [scorpion (4)]
  3879 | D:5      | Reached skill level 4 in Stealth
  3882 | D:5      | HP: 7/51 [poisoned by a scorpion]
  4067 | D:5      | Reached skill level 3 in Fighting
  4067 | D:5      | Reached skill level 4 in Short Blades
  4127 | D:5      | Gained mutation: When seriously injured, your blood forms
                  | armour. (AC +6) [demonic ancestry]
  4127 | D:5      | Reached XP level 8. HP: 49/58 MP: 3/13
  4287 | D:5      | Noticed Pikel
  4346 | D:5      | Found Hasioxko's Magic Scroll Boutique.
  4355 | D:5      | Bought 3 scrolls of identify for 90 gold pieces
  4380 | D:5      | Killed Pikel
  4381 | D:5      | Reached skill level 4 in Dodging
  4381 | D:5      | Reached skill level 6 in Hexes
  4770 | D:5      | Reached skill level 5 in Short Blades
  4963 | D:6      | Found a staircase to the Ecumenical Temple.
  4972 | Temple   | Entered the Ecumenical Temple
  4979 | Temple   | Became a worshipper of Dithmenos the Shadowed
  5045 | D:6      | Reached skill level 4 in Spellcasting
  5157 | D:6      | Noticed Blork the orc
  5169 | D:6      | Killed Blork the orc
  5178 | D:6      | Reached skill level 4 in Fighting
  5178 | D:6      | Gained mutation: Your touch may inflict irresistible damage
                  | on your foes. [demonic ancestry]
  5178 | D:6      | Reached XP level 9. HP: 43/65 MP: 8/15
  5384 | D:6      | Noticed Maggie
  5401 | D:6      | HP: 16/65 [Maggie/+2 heavy war axe (13)]
  5403 | D:6      | Slain by Maggie

Vanquished Creatures
  Pikel (D:5)
  A water moccasin (D:5)
  2 ice beasts
  A black bear (D:5)
  3 ogres
  A centaur (D:5)
  A phantom (D:5)
  A kobold brigand (D:6)
  2 lemures (D:5)
  Blork the orc (D:6)
  A scorpion (D:5)
  3 hounds
  3 orc priests
  4 iguanas
  2 sleepcaps
  An orc wizard (D:4)
  3 gnolls (D:4)
  11 adders
  An ufetubus (D:4)
  3 dart slugs
  9 orcs
  4 endoplasms
  3 giant cockroaches
  5 goblins
  10 hobgoblins
  7 jackals
  12 kobolds
  4 quokkas
  5 ball pythons
  9 bats
  A frilled lizard (D:1)
  7 rats
122 creatures vanquished.

Table legend:
 A = Non-vault XP
 B = Vault XP
 C = Vault XP percentage of total XP
 D = Non-vault monster count
 E = Vault monster count
 F = Vault count percentage of total count
                 A         B        C        D         E       F
            +---------+---------+-------+---------+---------+-------
      Total |    2090 |     792 |  27.5 |     112 |       8 |   6.7
            +---------+---------+-------+---------+---------+-------
        D:1 |      33 |       0 |   0.0 |      21 |       0 |   0.0
        D:2 |      47 |       0 |   0.0 |      16 |       0 |   0.0
        D:3 |     123 |      53 |  30.1 |      25 |       4 |  13.8
        D:4 |     388 |       4 |   1.0 |      24 |       2 |   7.7
        D:5 |    1167 |     641 |  35.5 |      16 |       1 |   5.9
        D:6 |     332 |      94 |  22.1 |      10 |       1 |   9.1
            +---------+---------+-------+---------+---------+-------

Skill      XL: |  1  2  3  4  5  6  7  8 |
---------------+-------------------------+-----
Short Blades   | 1 2 3 4 5 |  5.3
Dodging        | 2 3 4 |  4.2
Stealth        | 3 4 |  4.8
Fighting       | 1 2 3 4 |  4.0
Hexes          | 4 5 6 |  6.6
Spellcasting   | 3 4 |  4.1

Action                     |  1- 3 |  4- 6 |  7- 9 || total
---------------------------+-------+-------+-------++-------
  Melee: Dagger            |   124 |   130 |    97 ||   351
         Punch             |     5 |       |       ||     5
         Touch             |     9 |    24 |    19 ||    52
   Cast: Ensorcelled Hiber |     9 |    24 |    34 ||    67
         Confusing Touch   |       |     1 |     6 ||     7
    Use: Scroll            |     6 |     4 |     4 ||    14
         Potion            |       |     3 |       ||     3
   Stab: Sleeping          |    11 |    15 |    14 ||    40
         Invisible         |       |     3 |       ||     3
         Confused          |       |       |     4 ||     4
 Armour: Robe              |    78 |    87 |    53 ||   218
  Dodge: Dodged            |   110 |    97 |    48 ||   255

Illustrated notes

Table legend:
 A = Kills in this place as a percentage of kills in the entire game.
 B = Kills by you in this place as a percentage of kills by you in the entire game.
 C = Kills by friends in this place as a percentage of kills by friends in the entire game.
 D = Other kills in this place as a percentage of other kills in the entire game.
 E = Experience gained in this place as a percentage of experience gained in the entire game.
 F = Experience gained in this place divided by the number of levels of this place that you have seen.
                   A       B       C       D       E      F
               +-------+-------+-------+-------+-------+----------------------
         Total | 100.0 | 100.0 |   N/A |   N/A | 100.0 | 411.7
       Dungeon | 100.0 | 100.0 |   N/A |   N/A | 100.0 | 480.3
               +-------+-------+-------+-------+-------+----------------------

Table legend: (Time is in decaauts)
 A = Elapsed time spent in this place.
 B = Non-inter-level travel time spent in this place.
 C = Inter-level travel time spent in this place.
 D = Time resting spent in this place.
 E = Time spent auto-exploring this place.
 F = Levels seen in this place.
 G = Mean time per level.
                   A        B        C        D        E       F      G
               +--------+--------+--------+--------+--------+-----+--------+
         Total |   5378 |   5190 |    188 |    365 |   3855 |   7 |  768.3 |
       Dungeon |   5363 |   5182 |    181 |    365 |   3855 |   6 |  893.8 |
        Temple |     14 |      7 |      7 |      0 |      0 |   1 |   14.0 |
               +--------+--------+--------+--------+--------+-----+--------+

Top non-repeatable levels by time:
     D:5: 1421 daAuts
     D:2: 959 daAuts
     D:4: 923 daAuts
     D:3: 812 daAuts
     D:1: 770 daAuts
     D:6: 477 daAuts
  Temple: 14 daAuts
